 Dungeon Crawl Stone Soup version 0.31-a0-1074-g0b22e4e0f1 (webtiles) character file.

Game seed: 13658392881436884180

819 mandoloar the Digger (level 7, 0/51 HPs)
             Began as a Gnoll Earth Elementalist on Dec 5, 2023.
             Slain by Duvessa
             ... wielding a +0 short sword of freezing
              (11 damage)
             ... on level 5 of the Dungeon.
             The game lasted 00:13:12 (5650 turns).

mandoloar the Digger (Gnoll Earth Elementalist)     Turns: 5650, Time: 00:13:13

Health: 0/51       AC:  2    Str:  7    XL:     7   Next: 95%
Magic:  2/15       EV: 14    Int: 16    God:
Gold:   236        SH:  0    Dex: 13    Spells: 9/17 levels left

rFire   . . .        a - +1 short sword (protect)
rCold   . . .        (no shield)
rNeg    . . .        d - +0 robe
rPois   .            (no helmet)
rElec   .            (no cloak)
rCorr   +            (no gloves)
SInv    .            (no boots)
Will    .....        (no amulet)
Stlth   +++          f - ring of resist corrosion
HPRegen 0.28/turn    (no ring)
MPRegen 0.14/turn

%: no passive effects
@: about to teleport, very slightly contaminated
A: fangs 1, strong nose, distributed training
a: no special abilities


You were on level 5 of the Dungeon.
You visited 1 branch of the dungeon, and saw 5 of its levels.

You collected 236 gold pieces.

Inventory:

Hand Weapons
 a - a +1 short sword of protection (weapon)
Missiles
 c - a throwing net
 l - 64 stones
 n - 5 curare-tipped darts
Armour
 d - a +0 robe (worn)
Jewellery
 f - a ring of resist corrosion (left hand)
Wands
 q - a wand of flame (26)
Scrolls
 e - a scroll of revelation
 h - a scroll of fog
 i - 2 scrolls of identify
 r - a scroll of blinking {unknown}
Potions
 b - 2 potions of magic
 g - a potion of invisibility
 k - 2 potions of brilliance {unknown}
 m - a potion of attraction {unknown}
 o - a potion of lignification {unknown}
 p - 5 potions of curing {unknown}


   Skills:
 + Level 2.8 Fighting
 + Level 2.8 Short Blades
 + Level 2.8 Long Blades
 + Level 2.8 Axes
 + Level 2.8 Maces & Flails
 + Level 2.8 Polearms
 + Level 2.8 Staves
 + Level 2.8 Ranged Weapons
 + Level 2.8 Throwing
 + Level 2.8 Armour
 + Level 5.4 Dodging
 + Level 5.1 Stealth
 + Level 2.8 Shields
 + Level 2.8 Unarmed Combat
 + Level 5.8 Spellcasting
 + Level 2.3 Conjurations
 + Level 2.3 Hexes
 + Level 2.3 Summonings
 + Level 2.3 Necromancy
 + Level 2.3 Translocations
 + Level 3.2 Transmutations
 + Level 2.3 Fire Magic
 + Level 2.3 Ice Magic
 + Level 2.3 Air Magic
 + Level 6.0 Earth Magic
 + Level 2.3 Poison Magic
 + Level 3.1 Invocations
 + Level 2.8 Evocations
 + Level 2.6 Shapeshifting


You had 9 spell levels left.
You knew the following spells:

 Your Spells              Type           Power      Damage    Failure   Level
a - Sandblast             Erth           46%        2d11      1%          1
b - Stone Arrow           Conj/Erth      36%        3d9       8%          3
c - Brom's Barrelling Bo  Conj/Erth      18%        2d4       26%         4

Your spell library contained the following spells:

 Spells                   Type           Power      Damage    Failure   Level
 Passwall                 Tmut/Erth      15%        N/A       3%          2
 Petrify                  Tmut/Erth      19%        N/A       22%         4


Dungeon Overview and Level Annotations

Branches:
Dungeon (5/15)
 Temple: D:4-7

Altars:
Uskayaw
Vehumet

Shops:
D:2 (   D:4 *

Annotations:
D:5 Duvessa


Innate Abilities, Weirdness & Mutations

You have very sharp teeth.
Your uncanny sense of smell can sniff out nearby items.
Your experience applies equally to all skills.


Message History

Press: ? - help, Shift-Dir - straight line, f/p - Duvessa
Aim: Duvessa, wielding a +0 short sword of freezing and wearing a +0 ring mail (moderately wounded, berserk, 77% to hit)
You miscast Stone Arrow.
You are very lightly contaminated with residual magic.
Nothing appears to happen.
Casting: Stone Arrow (dangerous; 8% risk of failure)
Confirm with . or Enter, or press ? or * to list all spells.
Aiming: Stone Arrow (dangerous; 8% risk of failure)
Press: ? - help, Shift-Dir - straight line, f/p - Duvessa
Aim: Duvessa, wielding a +0 short sword of freezing and wearing a +0 ring mail (moderately wounded, berserk, 77% to hit)
The stone arrow hits Duvessa.
Duvessa is moderately wounded.
Duvessa closely misses you.
Duvessa hits you with a +0 short sword of freezing.
Duvessa freezes you.
Casting: Stone Arrow (dangerous; 8% risk of failure)
Confirm with . or Enter, or press ? or * to list all spells.
Aiming: Stone Arrow (dangerous; 8% risk of failure)
Press: ? - help, Shift-Dir - straight line, f/p - Duvessa
Aim: Duvessa, wielding a +0 short sword of freezing and wearing a +0 ring mail (moderately wounded, berserk, 77% to hit)
You miscast Stone Arrow.
Nothing appears to happen.
Duvessa hits you with a +0 short sword of freezing.
Duvessa freezes you.
The blast of sand hits Duvessa but does no damage.
Duvessa is moderately wounded.
Duvessa hits you with a +0 short sword of freezing!
Duvessa freezes you.
Duvessa hits you with a +0 short sword of freezing!
* * * LOW HITPOINT WARNING * * *
Duvessa freezes you.
* * * LOW HITPOINT WARNING * * *
Casting: Sandblast (safe; 1% risk of failure)
Confirm with . or Enter, or press ? or * to list all spells.
You don't have enough magic to cast this spell.
Unknown command.
You are too injured to fight recklessly!
As you read the scroll of teleportation, it crumbles to dust.
You feel strangely unstable.
Duvessa hits you with a +0 short sword of freezing!
You die...

#.# ## ##.# >.. ....... #..
..##..# #°# ##.##..#
#.####<..... #
#e#.....##.#### #(##.##..#
#..##.#..### ∆ ∆ .........#
#..........###
...$.##..###@....#......###
#.#
###.#..e...###+#......###
#.....#....# ###......#
#.##.......# ###.....
#.##.#.#...# ###...
#..........# ∆ ###.
.....##.#.##..# ##..
####.....#.#..# ##...
.....# ##..# ∆ ##....


You could see Duvessa (berserk).

Vanquished Creatures
  Grinder (D:3)
  Eustachio (D:4)
  An ogre (D:3)
  Dowan (D:5)
  A hound (D:5)
  Jessica (D:2)
  2 iguanas
  2 orc wizards (D:3)
  Natasha (twice) (D:2)
  2 adders
  2 ufetubi (D:5)
  An adder skeleton (D:3)
  2 adder zombies (D:3)
  A worm (D:2)
  3 dart slugs
  5 orcs (D:3)
  6 endoplasms
  4 giant cockroaches
  7 goblins
  8 hobgoblins
  7 jackals
  7 kobolds
  5 quokkas
  4 ball pythons
  4 bats
  2 frilled lizards
  A quokka skeleton (D:3)
  A rat (D:1)
84 creatures vanquished.

Vanquished Creatures (collateral kills)
  A boulder (D:5)
1 creature vanquished.

Grand Total: 85 creatures vanquished

Notes
Turn   | Place    | Note
-------+----------+-------------------------------------------
     0 | D:1      | mandoloar the Gnoll Earth Elementalist began the quest for
                  | the Orb.
     0 | D:1      | Reached XP level 1. HP: 13/13 MP: 6/6
   170 | D:1      | Reached XP level 2. HP: 19/19 MP: 4/7
   685 | D:1      | Found a faded altar of an unknown god.
   934 | D:2      | Noticed Jessica
   937 | D:2      | Killed Jessica
   938 | D:2      | Reached skill level 1 in Fighting
   938 | D:2      | Reached skill level 1 in Short Blades
   938 | D:2      | Reached skill level 1 in Long Blades
   938 | D:2      | Reached skill level 1 in Axes
   938 | D:2      | Reached skill level 1 in Maces & Flails
   938 | D:2      | Reached skill level 1 in Polearms
   938 | D:2      | Reached skill level 1 in Staves
   938 | D:2      | Reached skill level 1 in Ranged Weapons
   938 | D:2      | Reached skill level 1 in Throwing
   938 | D:2      | Reached skill level 1 in Armour
   938 | D:2      | Reached skill level 1 in Shields
   938 | D:2      | Reached skill level 1 in Unarmed Combat
   938 | D:2      | Reached skill level 5 in Spellcasting
   938 | D:2      | Reached skill level 1 in Invocations
   938 | D:2      | Reached skill level 1 in Evocations
   938 | D:2      | Reached XP level 3. HP: 26/26 MP: 6/9
  1022 | D:2      | Learned a level 3 spell: Stone Arrow
  1034 | D:2      | Found a radiant altar of Vehumet.
  1270 | D:2      | Reached XP level 4. HP: 32/32 MP: 8/11
  1297 | D:2      | Reached skill level 1 in Shapeshifting
  1537 | D:2      | Found Vodokeg's Antique Weapon Shop.
  1786 | D:2      | Noticed Natasha
  1789 | D:2      | Killed Natasha
  1790 | D:2      | Reached skill level 1 in Conjurations
  1790 | D:2      | Reached skill level 1 in Hexes
  1790 | D:2      | Reached skill level 1 in Summonings
  1790 | D:2      | Reached skill level 1 in Necromancy
  1790 | D:2      | Reached skill level 1 in Translocations
  1790 | D:2      | Reached skill level 1 in Fire Magic
  1790 | D:2      | Reached skill level 1 in Ice Magic
  1790 | D:2      | Reached skill level 1 in Air Magic
  1790 | D:2      | Reached skill level 1 in Poison Magic
  1915 | D:2      | Noticed Natasha
  1917 | D:2      | Killed Natasha
  1918 | D:2      | Reached XP level 5. HP: 37/37 MP: 9/12
  2237 | D:3      | Found a hide-covered altar of Uskayaw.
  2471 | D:3      | Noticed an ogre
  2596 | D:3      | Killed an ogre
  2687 | D:3      | Noticed a +0 dagger
  2687 | D:3      | Noticed a +0 short sword
  2688 | D:3      | Noticed a +0 falchion
  2688 | D:3      | Noticed a +0 falchion
  2688 | D:3      | Noticed a +0 dagger
  2689 | D:3      | Noticed a +0 short sword
  2689 | D:3      | Noticed a +0 spear
  2690 | D:3      | Noticed a +0 spear
  2742 | D:3      | Reached XP level 6. HP: 44/44 MP: 10/13
  3228 | D:3      | Noticed Grinder
  3242 | D:3      | Paralysed by Grinder for 2 turns
  3568 | D:3      | Killed Grinder
  3569 | D:3      | Reached skill level 5 in Dodging
  3569 | D:3      | Reached XP level 7. HP: 51/51 MP: 1/15
  4142 | D:4      | Found Nuqymog's Neck Hole.
  4363 | D:4      | Noticed Eustachio
  4722 | D:4      | Killed Eustachio
  4723 | D:4      | Reached skill level 5 in Stealth
  5202 | D:5      | Entered Level 5 of the Dungeon
  5242 | D:5      | Noticed Dowan
  5285 | D:5      | Killed Dowan
  5445 | D:5      | Reached skill level 6 in Earth Magic
  5525 | D:5      | Learned a level 4 spell: Brom's Barrelling Boulder
  5636 | D:5      | Noticed Duvessa
  5650 | D:5      | Slain by Duvessa

Illustrated notes

Levels and vault maps discovered:
D:1:      co_arrival_square_in_a_square_in_a_square, layout_loops_ring,
          ebering_ecumenical_altar_abandoned
D:2:      layout_loops_ring, basic_altar, serial_rivers,
          chequers_serial_rivers_micro_d, chequers_serial_rivers_small_3,
          chequers_serial_rivers_small_b, chequers_serial_rivers_large_b,
          serial_shops, shop, uniq_natasha, uniq_jessica
D:3:      layout_basic, nicolae_uskayaw_en_pointe, serial_undead,
          serial_undead_e, serial_undead_f, serial_undead_c, serial_undead_b,
          amcnicky_mini_rare_corridor_liquid, nicolae_figureground_sparkle,
          uniq_grinder
D:4:      layout_cave_pools, nicolae_shop_sticking_my_neck_out, uniq_eustachio
D:5:      minmay_razor_zed, layout_loops_ring, lemuel_tele_altar, uniq_menkaure,
          uniq_blork_the_orc, uniq_edmund, uniq_crazy_yiuf_cottage, uniq_duvessa

Skill      XL: |  1  2  3  4  5  6  7 |
---------------+----------------------+-----
Transmutations | 2 3 |  3.2
Fighting       | 1 2 |  2.8
Short Blades   | 1 2 |  2.8
Long Blades    | 1 2 |  2.8
Axes           | 1 2 |  2.8
Maces & Flails | 1 2 |  2.8
Polearms       | 1 2 |  2.8
Staves         | 1 2 |  2.8
Ranged Weapons | 1 2 |  2.8
Throwing       | 1 2 |  2.8
Armour         | 1 2 |  2.8
Shields        | 1 2 |  2.8
Unarmed Combat | 1 2 |  2.8
Spellcasting   | 5 |  5.8
Invocations    | 1 2 3 |  3.1
Evocations     | 1 2 |  2.8
Shapeshifting  | 1 2 |  2.6
Conjurations   | 1 2 |  2.3
Hexes          | 1 2 |  2.3
Summonings     | 1 2 |  2.3
Necromancy     | 1 2 |  2.3
Translocations | 1 2 |  2.3
Fire Magic     | 1 2 |  2.3
Ice Magic      | 1 2 |  2.3
Air Magic      | 1 2 |  2.3
Poison Magic   | 1 2 |  2.3
Dodging        | 5 |  5.4
Stealth        | 5 |  5.1
Earth Magic    | 6 |  6.0

Action                     |  1- 3 |  4- 6 |  7- 9 || total
---------------------------+-------+-------+-------++-------
  Melee: Dagger            |     1 |       |       ||     1
         Short sword       |       |       |    22 ||    22
         Bite              |       |       |     3 ||     3
         Punch             |       |       |     1 ||     1
   Cast: Sandblast         |    30 |    53 |    29 ||   112
         Stone Arrow       |       |     7 |    11 ||    18
         Brom's Barrelling |       |       |     1 ||     1
    Use: Scroll            |       |     6 |     1 ||     7
   Stab: Sleeping          |     1 |       |       ||     1
 Armour: Robe              |     3 |    12 |    36 ||    51
  Dodge: Dodged            |     1 |    11 |    16 ||    28

Table legend: (Time is in decaauts)
 A = Elapsed time spent in this place.
 B = Non-inter-level travel time spent in this place.
 C = Inter-level travel time spent in this place.
 D = Time resting spent in this place.
 E = Time spent auto-exploring this place.
 F = Levels seen in this place.
 G = Mean time per level.
                   A        B        C        D        E       F      G
               +--------+--------+--------+--------+--------+-----+--------+
         Total |   5739 |   5261 |    478 |   1628 |   2901 |   5 | 1147.8 |
       Dungeon |   5739 |   5261 |    478 |   1628 |   2901 |   5 | 1147.8 |
               +--------+--------+--------+--------+--------+-----+--------+

Top non-repeatable levels by time:
     D:3: 1764 daAuts
     D:2: 1488 daAuts
     D:4: 1200 daAuts
     D:1: 895 daAuts
     D:5: 391 daAuts
